 Dungeon Crawl Stone Soup version 0.21-a0-584-g185da8e (webtiles) character file.

2 Lanoc the Grasshopper (level 1, 0/16 HPs)
             Began as a Demonspawn Warper on Dec 22, 2017.
             Slain by a kobold
             ... wielding a +0 short sword
              (4 damage)
             ... on level 1 of the Dungeon.
             The game lasted 00:00:33 (90 turns).

Lanoc the Grasshopper (Demonspawn Warper)             Turns: 90, Time: 00:00:34

Health: 0/16       AC:  3    Str: 11    XL:     1   Next: 25%
Magic:  3/3        EV: 12    Int: 14    God:
Gold:   12         SH:  0    Dex: 12    Spells: 4/4 levels left

rFire    . . .     SeeInvis .   a - +0 falchion
rCold    . . .     Gourm    .   (no shield)
rNeg     . . .     Faith    .   b - +0 leather armour
rPois    .         Spirit   .   (no helmet)
rElec    .         Reflect  .   (no cloak)
rCorr    .         Harm     .   (no gloves)
MR       .....                  (no boots)
Stlth    +.........             (no amulet)
HPRegen  0.05/turn              (no ring)
MPRegen  0.08/turn              (no ring)

@: no status effects
A: no striking features
a: no special abilities


You were on level 1 of the Dungeon.
You were not hungry.

You visited 1 branch of the dungeon, and saw 1 of its levels.

You collected 12 gold pieces.

Inventory:

Hand Weapons
 a - a +0 falchion (weapon)
Missiles
 e - 5 tomahawks of dispersal (quivered)
Armour
 b - a +0 leather armour (worn)
Scrolls
 d - a scroll of blinking
 g - a scroll of enchant weapon {unknown}
Books
 c - a book of Spatial Translocations

   Spells                             Type                      Level
   a - Blink                          Translocation                2
   b - Shroud of Golubria             Charms/Translocation         2
   c - Lesser Beckoning               Translocation                3
   d - Gell's Gravitas                Translocation                3
   e - Teleport Other                 Translocation                3
   f - Passage of Golubria            Translocation                4
Comestibles
 f - a ration
 h - a chunk of flesh


   Skills:
 + Level 2.0 Fighting
 + Level 1.8 Long Blades
 + Level 0.9 Throwing
 + Level 0.9 Armour
 + Level 1.8 Dodging
 + Level 2.0 Spellcasting
   Level 2.6 Translocations


You had 4 spell levels left.
You didn't know any spells.

Dungeon Overview and Level Annotations

Branches:
Dungeon (1/15)

Altars:


Message History

The kobold hits you but does no damage.
Your leather armour prevents you from hitting the kobold.
The kobold closely misses you.
You closely miss the kobold. The kobold hits you with a short sword.
The kobold barely misses you.
A kobold comes into view. It is wielding a short sword.
You closely miss the kobold.
The kobold shouts!
The kobold hits you with a short sword.
You barely miss the kobold. The kobold barely misses you.
You barely miss the kobold. The kobold completely misses you.
The kobold misses you.
You barely miss the kobold. The kobold hits you but does no damage.
The kobold hits you with a short sword. The kobold hits you but does no damage.
A kobold comes into view. It is wielding a short sword.
You barely miss the kobold. The kobold hits you with a short sword.
* * * LOW HITPOINT WARNING * * *
You barely miss the kobold.
The kobold hits you but does no damage. x2
You miss the kobold. The kobold hits you with a short sword.
You die...

#.#
###############
#.#
#..KK@........#
#.#
#.###########.#
#.# ########.#
#.# #.#
.........# #.#
#.# ########.#
#.###.# ####
#.# #.....####
K.. #.#
#.........
######.###.####
##########
#.............#


You could see 2 kobolds.

Vanquished Creatures
  A giant cockroach (D:1)
  A kobold (D:1)
2 creatures vanquished.

Notes
Turn   | Place    | Note
-------+----------+-------------------------------------------
     0 | D:1      | Lanoc the Demonspawn Warper began the quest for the Orb.
     0 | D:1      | Reached XP level 1. HP: 16/16 MP: 3/3
    90 | D:1      | Slain by a kobold

Vault maps used:
D:1:      minmay_arrival_arboretum_large

Action                   || total
-------------------------++-------
Melee: Falchion          ||    17
Armor: Leather armour    ||     5
Dodge: Dodged            ||     9
       Rpst.: Falchion   ||     1

Table legend:
 A = Spawn XP
 B = Non-spawn XP
 C = Spawn XP percentage of total XP
 D = Spawn monster count
 E = Non-spawn monster count
 F = Spawn count percentage of total count
 G = Total turns spent on level
                    A         B        C        D         E        F      G
               +---------+---------+-------+---------+---------+-------+---------
         Total |       0 |       3 |   0.0 |       0 |       2 |   0.0 |    90
               +---------+---------+-------+---------+---------+-------+---------
           D:1 |       0 |       3 |   0.0 |       0 |       2 |   0.0 |    90
               +---------+---------+-------+---------+---------+-------+---------
